 Dungeon Crawl Stone Soup version 0.13.0-65-g2bb7898 (webtiles) character file.

1631 Lilouch the Magician (level 8, -4/52 HPs)
             Began as a Mummy Fire Elementalist on Nov 24, 2013.
             Was an Initiate of Vehumet.
             Killed from afar by Blork the orc (11 damage)
             ... with a magic dart
             ... on Level 5 of the Dungeon.
             The game lasted 00:42:12 (6501 turns).

Lilouch the Magician (Mummy Fire Elementalist)      Turns: 6501, Time: 00:42:13

HP  -4/52        AC  5     Str 11      XL: 8   Next: 32%
MP   8/21        EV 13     Int 16      God: Vehumet [......]
Gold 322         SH  9     Dex 12      Spells:  4 memorised, 10 levels left

Res.Fire  : x . .   See Invis. : .   z - -1,+4 sling of the Clouds {venom, +Blink rElec}
Res.Cold  : + . .   Warding    : .   f - +2 robe
Life Prot.: + + +   Conserve   : .   x - +0 buckler
Res.Poison: +       Res.Corr.  : .   (no helmet)
Res.Elec. : +       Clarity    : .   i - +0 cloak
Sust.Abil.: . .     Spirit.Shd : .   (no gloves)
Res.Mut.  : .       Stasis     : .   (no boots)
Res.Rott. : +       Flight     : .   g - amulet of inaccuracy {unknown}
Saprovore : . . .                    (no ring)
                                     e - +2 ring of evasion

@: very slightly contaminated, somewhat resistant to hostile enchantments,
unstealthy
A: no food or potions, fire vulnerability, restore body, cold resistance 1, life
protection 3, poison resistance, torment resistance, unbreathing
a: Renounce Religion, Evoke Blink


You were on level 5 of the Dungeon.
You worshipped Vehumet.
Vehumet was noncommittal.
You were not hungry.

You visited 2 branches of the dungeon, and saw 6 of its levels.

You collected 302 gold pieces.

Inventory:

Hand weapons
 c - a +0,+0 dagger
 d - a +3,+3 quarterstaff of chaos
 h - a +0,+3 orcish hand axe of freezing
 l - a +2,+0 dagger of venom
 o - a -1,+0 orcish spear
 q - a +0,+0 orcish dagger
 r - a +0,+0 dagger
 s - a +1,+0 dagger
 t - a +0,+0 elven dagger
 v - a +0,+0 dagger
 z - the -1,+4 sling of the Clouds (weapon) {venom, +Blink rElec}
   (You found it on level 4 of the Dungeon)

   It poisons the ammo it fires.
   It insulates you from electricity.
   It lets you blink.
 G - a +0,+0 dagger
 K - a +0,+0 dagger
 N - a +1,+1 elven falchion of holy wrath
 P - a +0,+0 dagger
Missiles
 A - 23 stones (quivered)
 F - 14 poisoned needles
 H - 2 throwing nets
 O - 4 sling bullets of frost
Armour
 f - a +2 robe (worn)
 i - a +0 cloak (worn)
 m - a +0 ice dragon armour
 x - a +0 buckler (worn)
 y - a +1 orcish leather armour of cold resistance
Magical devices
 n - a wand of flame (5)
 M - a wand of disintegration (21) {unknown}
Scrolls
 a - 8 scrolls of identify {unknown}
 j - 2 scrolls of blinking {unknown}
 k - 2 scrolls of fog {unknown}
 p - a scroll of remove curse {unknown}
 u - 3 scrolls of fear {unknown}
 B - a scroll of random uselessness {unknown}
 C - a scroll of noise {unknown}
 D - a scroll of enchant weapon II {unknown}
 E - 3 scrolls of teleportation {unknown}
 I - a scroll of enchant armour {unknown}
 J - a scroll of curse armour {unknown}
 L - a scroll of curse jewellery {unknown}
 Q - a scroll of immolation {unknown}
Jewellery
 e - a +2 ring of evasion (left hand)
 g - an amulet of inaccuracy (around neck) {unknown}
 R - an uncursed amulet of clarity {unknown}
Books
 b - a book of Flames

   Spells                             Type                      Level
   *Flame Tongue                      Conjuration/Fire             1
   *Throw Flame                       Conjuration/Fire             2
   *Conjure Flame                     Conjuration/Fire             3
   Inner Flame                        Hexes/Fire                   3
   *Sticky Flame                      Conjuration/Fire             4
   Fireball                           Conjuration/Fire             5


   Skills:
 - Level 1.0 Armour
 - Level 1.5 Dodging
 - Level 1.5 Stealth
 - Level 2.6 Shields
 * Level 6.7 Spellcasting
 + Level 2.5 Conjurations
 + Level 4.7 Fire Magic


You had 10 spell levels left.
You knew the following spells:

 Your Spells              Type           Power        Failure   Level  Hunger
a - Flame Tongue          Conj/Fire      ###..        3%          1    N/A
b - Throw Flame           Conj/Fire      ###...       6%          2    N/A
c - Conjure Flame         Conj/Fire      ###.....     12%         3    N/A
d - Sticky Flame          Conj/Fire      ###.....     34%         4    N/A

Dungeon Overview and Level Annotations

Branches:
Dungeon (5/27)             Temple (1/1) D:4

Altars:
Ashenzari
Cheibriados
Elyvilon
Kikubaaqudgha
Makhleb
Nemelex Xobeh
Okawaru
Sif Muna
Trog
Vehumet
Xom
Yredelemnul
Zin

Annotations:
D:5 Blork the orc


Innate Abilities, Weirdness & Mutations

You do not eat or drink.
Your flesh is vulnerable to fire.
Your flesh is cold resistant.
You are immune to negative energy.
Your system is resistant to poisons.
You are immune to unholy pain and torment.
You can survive without breathing.


Message History

Casting: Conjure Flame
Confirm with . or Enter, or press ? or * to list all spells.
Aiming: Conjure Flame
Press: ? - help, Dir - move target cursor The fire roars!
Blork the orc looks more healthy.
Blork the orc casts a spell at you. The magic dart hits you!
* * * LOW HITPOINT WARNING * * *
There is an open door here.
Use which ability? (? or * to list)
You blink.
Blork the orc casts a spell at you.
You hear a sizzling sound!
Blork the orc casts a spell.
You feel a wave of unholy energy pass over you.
Blork the orc looks braver.
Blork the orc sings a few bars from the Orcish anthem.
Blork the orc gestures at you while chanting.
The magic dart hits you!
You die...

#.o....# ⌠
#.###'##
###8
#####.# #.#
... #.....#
#o####.#
##o####
#.##...#
#.#
#.##..(#
#.#
#.##(..####
#.#
#..........
#@#
####...####
#.# #...#
#.# #...#
#.# #######
#.#
.......###
#.#
...........
#.#
...........
#.#
#######....
#.# #....


You could see Blork the orc.

Vanquished Creatures
  The ghost of Chiseanne the Skirmisher, an average DsFi (D:4)
  Eustachio (D:5)
  Edmund (D:5)
  Menkaure (D:5)
  An orc warrior (D:5)
  A phantom (D:5)
  3 crimson imps (D:5)
  A hound (D:5)
  Crazy Yiuf (D:2)
  3 jellies (D:5)
  2 orc wizards
  2 scorpions
  Ijyb (D:5)
  An ogre skeleton (D:4)
  A mummy (D:5)
  8 adders
  An inept feature mimic (D:5)
  2 worms
  A giant gecko (D:3)
  5 orcs
  A ball python (D:2)
  10 bats
  A bat skeleton (D:5)
  9 goblins
  4 hobgoblins
  9 kobolds
  8 giant cockroaches
  2 giant gecko skeletons (D:5)
  5 giant newts
  5 jackals
  10 rats
102 creatures vanquished.

Notes
Turn   | Place    | Note
--------------------------------------------------------------
     0 | D:1      | Lilouch, the Mummy Fire Elementalist, began the quest for the Orb.
     0 | D:1      | Reached XP level 1. HP: 13/13 MP: 3/3
   627 | D:1      | Reached XP level 2. HP: 19/19 MP: 2/4
   636 | D:1      | Reached skill level 1 in Conjurations
  1733 | D:2      | Reached XP level 3. HP: 22/24 MP: 0/6
  1789 | D:2      | Reached skill level 1 in Armour
  2206 | D:2      | Learned a level 2 spell: Throw Flame
  2210 | D:2      | Learned a level 3 spell: Conjure Flame
  2213 | D:2      | Noticed Crazy Yiuf
  2281 | D:2      | Killed Crazy Yiuf
  2281 | D:2      | Reached XP level 4. HP: 30/30 MP: 0/8
  2556 | D:3      | Reached skill level 3 in Spellcasting
  3127 | D:3      | Reached XP level 5. HP: 35/35 MP: 9/11
  3369 | D:4      | Got an encrusted sling
  3429 | D:3      | Identified the sling of the Clouds {venom, +Blink rElec} (You found it on level 4 of the Dungeon)
  3530 | D:4      | Noticed Chiseanne's ghost (average DsFi)
  3537 | D:4      | Killed Chiseanne's ghost
  3537 | D:4      | Reached skill level 1 in Shields
  3537 | D:4      | Reached skill level 4 in Spellcasting
  3537 | D:4      | Reached XP level 6. HP: 15/41 MP: 5/14
  3737 | D:4      | Found a staircase to the Ecumenical Temple.
  3748 | Temple   | Entered the Ecumenical Temple
  3799 | Temple   | Became a worshipper of Vehumet
  4371 | D:5      | Entered Level 5 of the Dungeon
  4559 | D:5      | Noticed Menkaure
  4569 | D:5      | Killed Menkaure
  4569 | D:5      | Reached skill level 5 in Spellcasting
  4569 | D:5      | Reached XP level 7. HP: 46/46 MP: 10/17
  4905 | D:5      | Noticed Ijyb
  4932 | D:5      | Killed Ijyb
  5006 | D:5      | Noticed Edmund
  5027 | D:5      | Killed Edmund
  5130 | D:5      | Learned a level 4 spell: Sticky Flame
  5572 | D:5      | Reached skill level 6 in Spellcasting
  5572 | D:5      | Reached XP level 8. HP: 24/52 MP: 7/20
  5871 | D:5      | Found a glowing silver altar of Zin.
  5941 | D:5      | Noticed Eustachio
  5954 | D:5      | Killed Eustachio
  6109 | D:5      | Noticed Blork the orc
  6501 | D:5      | Killed from afar by Blork the orc

Action                   |  1- 3 |  4- 6 |  7- 9 || total
-------------------------+-------+-------+-------++-------
Melee: Spear             |    70 |     2 |     3 ||    75
       Dagger            |       |    33 |    20 ||    53
       Hand axe          |       |     3 |   188 ||   191
 Fire: Sling             |       |    38 |    75 ||   113
Throw: Dagger            |    22 |     7 |     6 ||    35
       Hand axe          |       |     1 |       ||     1
       Spear             |       |     1 |       ||     1
 Cast: Flame Tongue      |    66 |    48 |    40 ||   154
       Conjure Flame     |     2 |     9 |    16 ||    27
       Sticky Flame      |       |       |     1 ||     1
 Abil: Evoke Blink       |       |       |     1 ||     1
